AoeStats
← Malcolm Little

Arabia

510000001Analyzed
4v4 RM · 2d ago on Sep 29, 2026· 36m 9s· 8 players
Game mode
Random Map
Map size
Large (8 player)
Population
200
Speed
Normal
Resources
Standard
Victory
Conquest
Starting age
Dark Age
Ending age
Imperial Age
RankedLock teamsTeams togetherTeam positionsShared explorationLock speedFull tech treeHidden civsTurbo modeCheats
Victory
Defeat
🇸🇻 Ethiopians · El Salvador
1546
+14
🇸🇻 Vietnamese · El Salvador
1526
+15
🇺🇸 Mongols · United States
1511
+16
🇲🇽 Saracens · Mexico
1404
+21
🇺🇸 Persians · United States
1532
-18
🇧🇷 Franks · Brazil
1532
-18
🇩🇴 Britons · Dominican Republic
1478
-15
🇨🇱 Ethiopians · Chile
1464
-15
jouĸɘʀ
8:58 Feudal Age
7:34 Loom
12:05 Fletching
20:25 Double-Bit Axe
25:15 Castle Age
24:10 Horse Collar
25:18 Crossbowman
25:54 Bodkin Arrow
26:24 Bow Saw
27:43 Padded Archer Armor
28:10 Heavy Plow
32:37 Wheelbarrow
33:25 Thumb Ring
34:21 Ballistics
36:32 Hand Cart
Anonymous
3:09 Loom
9:48 Feudal Age
20:30 Fletching
27:18 Castle Age
25:26 Double-Bit Axe
27:29 Gold Mining
28:13 Bodkin Arrow
29:05 Crossbowman
30:26 Padded Archer Armor
High voltage530
5:10 Loom
9:22 Feudal Age
17:12 Scale Barding Armor
18:13 Forging
19:13 Bloodlines
26:20 Castle Age
24:46 Double-Bit Axe
24:43 Horse Collar
26:21 Light Cavalry
27:02 Husbandry
27:12 Gold Mining
27:55 Chain Barding Armor
32:39 Wheelbarrow
32:10 Town Watch
34:27 Iron Casting
Pez4
6:36 Loom
9:42 Feudal Age
11:17 Horse Collar
11:28 Double-Bit Axe
13:18 Wheelbarrow
14:33 Bloodlines
21:08 Scale Barding Armor
24:35 Forging
27:32 Castle Age
30:08 Chain Barding Armor
31:06 Town Watch
Eat_Rice
6:39 Loom
9:03 Feudal Age
10:52 Double-Bit Axe
13:19 Bloodlines
19:18 Scale Barding Armor
21:37 Forging
25:09 Castle Age
23:01 Horse Collar
24:58 Light Cavalry
26:30 Bow Saw
28:37 Chain Barding Armor
Malcolm Little
6:53 Loom
9:24 Feudal Age
10:02 Double-Bit Axe
19:14 Fletching
Perseu
6:45 Loom
8:57 Feudal Age
16:18 Scale Barding Armor
19:54 Forging
Kerjo
6:39 Loom
8:58 Feudal Age
9:27 Double-Bit Axe
11:20 Fletching
13:52 Padded Archer Armor
24:12 Castle Age
24:22 Gold Mining
24:16 Crossbowman
24:52 Bodkin Arrow
25:16 Bow Saw
25:55 Wheelbarrow
25:05 Town Watch
27:11 Leather Archer Armor
27:49 Ballistics
32:26 Thumb Ring
Connection lost

Rejoining the realm…

Still unreachable

The connection could not be restored.

Session expired

The server has moved on; the page needs a fresh start.